 Dungeon Crawl Stone Soup version 0.25.0-46-gbd7b0854d2 (webtiles) character file.

Game seed: 12633170928043302369

3039 ANON1729 the Cudgeler (level 9, -16/89 HPs)
             Began as a Troll Gladiator on July 13, 2020.
             Demolished by an orc warrior
             ... wielding a +0 glaive
              (21 damage)
             ... on level 7 of the Dungeon.
             The game lasted 00:12:37 (6032 turns).

ANON1729 the Cudgeler (Troll Gladiator)             Turns: 6032, Time: 00:12:38

Health: -16/89     AC: 10    Str: 27    XL:     9   Next: 56%
Magic:  8/8        EV: 16    Int:  4    God:
Gold:   282        SH:  0    Dex: 11    Spells: 8/8 levels left

rFire    . . .     SeeInvis .   y - +0 morningstar
rCold    . . .     Gourm    +   (no shield)
rNeg     . . .     Faith    .   b - +0 robe
rPois    .         Spirit   .   c - +0 hat
rElec    .         Reflect  .   (no cloak)
rCorr    .         Harm     .   (gloves unavailable)
MR       .....                  (boots unavailable)
Stlth    +.........             (no amulet)
HPRegen  0.64/turn              i - +4 ring of evasion
MPRegen  0.11/turn              G - +4 ring of protection

@: lightly drained
A: large, unfitting armour, claws 3, fast metabolism 3, gourmand, regeneration
1, shaggy fur 1, tough skin 3
a: no special abilities


You were on level 7 of the Dungeon.
You were completely stuffed.

You visited 1 branch of the dungeon, and saw 7 of its levels.

You collected 282 gold pieces.

Inventory:

Hand Weapons
 a - a +0 flail
 r - a +0 giant spiked club
 y - a +0 morningstar (weapon)
Missiles
 d - 3 throwing nets (quivered)
Armour
 b - a +0 robe (worn)
 c - a +0 hat (worn)
Jewellery
 i - a +4 ring of evasion (left claw)
 u - an uncursed ring of fire
 E - a +6 ring of intelligence
 G - a +4 ring of protection (right claw)
Wands
 C - a wand of polymorph (3)
Scrolls
 e - 3 scrolls of noise
 g - 2 scrolls of enchant armour {unknown}
 h - 3 scrolls of magic mapping
 k - a scroll of enchant weapon {unknown}
 l - 4 scrolls of blinking
 m - a scroll of fear {unknown}
 n - a scroll of random uselessness {unknown}
 o - a scroll of amnesia {unknown}
 q - 8 scrolls of identify
 s - 2 scrolls of fog {unknown}
 v - 4 scrolls of teleportation {unknown}
 w - 2 scrolls of remove curse
 H - a scroll of immolation {unknown}
Potions
 j - a potion of heal wounds
 p - 2 potions of flight {unknown}
 t - 2 potions of mutation {unknown}
 x - a potion of curing
 z - a potion of brilliance {unknown}
 A - a potion of ambrosia {unknown}
 B - a potion of might
 F - a potion of cancellation {unknown}
 I - a potion of resistance
 J - 2 potions of haste {unknown}
Comestibles
 f - 9 rations
 D - 8 chunks of flesh


   Skills:
 * Level 5.9(5.6) Fighting
 * Level 6.7(6.4) Maces & Flails
 + Level 6.2(5.9) Throwing
 + Level 6.0(5.7) Dodging


You had 8 spell levels left.
You didn't know any spells.
Your spell library contained the following spells:

 Spells                   Type           Power        Failure   Level  Hunger
 Animate Skeleton         Necr           N/A          50%         1    ##.....
 Apportation              Tloc           #.....       50%         1    ##.....
 Beastly Appendage        Tmut           #.....       50%         1    ##.....
 Corona                   Hex            #......      50%         1    ##.....
 Magic Dart               Conj           #...         50%         1    ##.....
 Summon Small Mammal      Summ           #...         50%         1    ##.....
 Blink                    Tloc           N/A          65%         2    ###....
 Call Imp                 Summ           #.......     65%         2    ###....
 Ensorcelled Hibernation  Hex/Ice        #.....       65%         2    ###....
 Slow                     Hex            #.......     65%         2    ###....
 Sticks to Snakes         Tmut           #.......     65%         2    ###....
 Confusing Touch          Hex            #.......     86%         3    ####...
 Conjure Flame            Conj/Fire      #.......     86%         3    ####...
 Dazzling Flash           Conj/Hex       #.....       86%         3    ####...
 Gell's Gravitas          Tloc           #.........   86%         3    ####...
 Mephitic Cloud           Conj/Pois/Air  #.......     86%         3    ####...
 Spider Form              Tmut/Pois      #.........   86%         3    ####...
 Tukima's Dance           Hex            #.......     86%         3    ####...
 Ice Form                 Ice/Tmut       #.......     99%         4    #####..
 Petrify                  Tmut/Erth      #.......     99%         4    #####..
 Blade Hands              Tmut           #.........   100%        5    ######.
 Metabolic Englaciation   Hex/Ice        #.........   100%        5    ######.
 Yara's Violent Unravell  Hex/Tmut       #.........   100%        5    ######.


Dungeon Overview and Level Annotations

Branches:
Dungeon (7/15)
 Temple: D:4-7

Altars:


Innate Abilities, Weirdness & Mutations

You are too large for most types of armour.
You have claws for hands.
Your metabolism is lightning-fast.
You like to eat raw meat.
Your natural rate of healing is unusually fast.
You are covered in fur. (AC +1)
You have extremely tough skin. (AC +3)


Message History

You thump the orc warrior!
The orc warrior is severely wounded.
The orc warrior closely misses you.
You closely miss the orc warrior.
The orc warrior is severely wounded.
The orc warrior hits you with a +0 glaive!!
* * * LOW HITPOINT WARNING * * *
You barely miss the orc warrior.
The orc warrior is severely wounded.
You hit the orc warrior.
The orc warrior is almost dead.
The orc warrior hits you with a +0 glaive!
* * * LOW HITPOINT WARNING * * *
You hit the orc warrior but do no damage.
The orc warrior is almost dead.
The orc warrior misses you.
You hit the orc warrior.
The orc warrior is almost dead.
The orc warrior hits you with a +0 glaive!!
You die...

.## #.# .# #.# # .#### #.# #.
....###.#########.##.
..................#.. #### .#
....#.#.##.###### #.# ##...##..
........##.# #.###:.....#.
..#.######.########.##.........
#...# #......@oZ.##...8....#
##### #########...#..o..?.#
#...##.....# ##...#.o..#
#....#...# ##.......# ##.....##
#######


You could see an orc warrior and a leopard gecko zombie.

Vanquished Creatures
  Maggie (D:6)
  Prince Ribbit (D:4)
  Grinder (D:4)
  Sigmund (D:4)
  An orc warrior (D:6)
  A black bear (D:6)
  An ice beast (D:5)
  A phantom (D:4)
  8 ogres
  2 centaurs
  A bullfrog (D:7)
  2 scorpions
  A wight (D:7)
  2 howler monkeys
  A crimson imp (D:5)
  A bullfrog zombie (D:5)
  2 hounds
  A bullfrog skeleton (D:7)
  Crazy Yiuf (D:4)
  An orc priest (D:3)
  A jelly (D:6)
  4 orc wizards
  3 iguanas
  Ijyb (D:4)
  2 worker ants
  2 worker ant zombies
  11 adders
  2 oozes
  An adder skeleton (D:6)
  2 worms
  A dart slug (D:3)
  7 leopard geckos
  29 orcs
  4 bats
  4 giant cockroaches
  2 goblins (D:2)
  3 hobgoblins
  2 jackals (D:6)
  4 quokkas
  7 frilled lizards
  5 kobolds
  A leopard gecko skeleton (D:4)
  A leopard gecko zombie (D:6)
  6 rats
136 creatures vanquished.

Notes
Turn   | Place    | Note
-------+----------+-------------------------------------------
     0 | D:1      | ANON1729 the Troll Gladiator began the quest for the Orb.
     0 | D:1      | Reached XP level 1. HP: 19/19 MP: 0/0
   396 | D:2      | Reached XP level 2. HP: 25/28 MP: 1/1
   672 | D:2      | Reached XP level 3. HP: 32/35 MP: 2/2
   881 | D:3      | Reached XP level 4. HP: 42/42 MP: 3/3
   964 | D:3      | Reached XP level 5. HP: 14/50 MP: 4/4
  1457 | D:4      | Noticed a phantom
  1501 | D:4      | Killed a phantom
  1536 | D:4      | Reached XP level 6. HP: 44/61 MP: 5/5
  1658 | D:4      | Noticed Ijyb
  1680 | D:4      | Killed Ijyb
  1754 | D:4      | Noticed Sigmund
  1826 | D:4      | Noticed Grinder
  1967 | D:4      | Killed Sigmund
  1967 | D:4      | Reached XP level 7. HP: 61/67 MP: 6/6
  2339 | D:4      | Found a runed translucent door.
  2340 | D:4      | Noticed Crazy Yiuf
  2345 | D:4      | Paralysed by Crazy Yiuf for 3 turns
  2438 | D:4      | Killed Crazy Yiuf
  2445 | D:4      | Killed Grinder
  2780 | D:5      | Entered Level 5 of the Dungeon
  2783 | D:5      | Noticed Prince Ribbit
  2863 | D:4      | HP: 2/68 [Prince Ribbit (14)]
  3355 | D:4      | Killed Prince Ribbit
  3355 | D:4      | Reached skill level 5 in Maces & Flails
  3355 | D:4      | Reached XP level 8. HP: 50/78 MP: 7/7
  3742 | D:5      | Reached skill level 5 in Throwing
  3855 | D:5      | Reached skill level 5 in Dodging
  4459 | D:6      | Reached skill level 5 in Fighting
  4539 | D:6      | Noticed Maggie
  4559 | D:6      | Killed Maggie
  4559 | D:6      | Reached XP level 9. HP: 48/88 MP: 8/8
  6030 | D:7      | HP: 4/89 [orc warrior/+0 glaive (16)]
  6032 | D:7      | Demolished by an orc warrior

Illustrated notes

Levels and vault maps discovered:
D:1:      dpeg_arrival_simpleton_b, layout_rooms
D:2:      layout_rooms
D:3:      layout_basic, minivault_23
D:4:      layout_loops_ring, uniq_grinder, uniq_ijyb, uniq_sigmund,
          uniq_crazy_yiuf_cottage
D:5:      minmay_inner_zag, layout_loops_ring, first_ration, minivault_11,
          uniq_prince_ribbit1
D:6:      layout_loops_corners, kennysheep_generic_room_7, uniq_maggie
D:7:      layout_loops_ring, minmay_temple_entry_proselytizer,
          minmay_manual_moon

Skill      XL: |  1  2  3  4  5  6  7  8  9 |
---------------+----------------------------+-----
Throwing       | 2 3 4 5 6 |  6.2
Maces & Flails | 3 4 5 6 |  6.7
Fighting       | 2 3 4 5 |  5.9
Dodging        | 3 4 5 6 |  6.0

Action                   |  1- 3 |  4- 6 |  7- 9 || total
-------------------------+-------+-------+-------++-------
Melee: Flail             |   103 |   143 |       ||   246
       Giant spiked club |       |     4 |    81 ||    85
       Morningstar       |       |       |   308 ||   308
  Use: Scroll            |       |     5 |       ||     5
       Potion            |       |       |     4 ||     4
 Stab: Sleeping          |       |     1 |     2 ||     3
  Eat: Chunk             |    14 |    10 |    39 ||    63
Armor: Robe              |    33 |    43 |    81 ||   157
       Skin              |       |       |     5 ||     5
Dodge: Dodged            |    97 |   129 |   323 ||   549
